[ PARTIDA AOE2 · #473088288 ]
UnrankedSicilianos vs Bohemians
Equipo del jugador · DERR
[ ANÁLISIS DE REPETICIÓN · EXTRAÍDO DE LA PARTIDA GRABADA ]
Feudal
14:16
Castillos
17:49
Imperial
33:49
| APM promedio | 37.8 |
| APM pico | 87 |
| eAPM promedio | 23.7 |
| Aldeanos / militares | 223 / 267 |
Foco
⚔️ 24.6% · 🌾 75.4%
Knight ×266 · Fishing Ship ×7 · Scout Cavalry ×1
Feudal
13:40
Castillos
17:13
Imperial
—
| APM promedio | 20.1 |
| APM pico | 68 |
| eAPM promedio | 12.1 |
| Aldeanos / militares | 82 / 43 |
Foco
⚔️ 38.1% · 🌾 61.9%
Archer ×41 · Fishing Ship ×5 · Mangonel ×1 · Battering Ram ×1
Feudal
13:17
Castillos
17:12
Imperial
33:23
| APM promedio | 42.8 |
| APM pico | 74 |
| eAPM promedio | 21.3 |
| Aldeanos / militares | 157 / 325 |
Foco
⚔️ 44.1% · 🌾 55.9%
Coustillier ×237 · Knight ×80 · Fishing Ship ×8 · Trebuchet (Packed) ×5 · Monk ×2 · Scout Cavalry ×1
Feudal
15:52
Castillos
19:22
Imperial
23:31
| APM promedio | 22.8 |
| APM pico | 46 |
| eAPM promedio | 14.6 |
| Aldeanos / militares | 77 / 85 |
Foco
⚔️ 27.5% · 🌾 72.5%
Organ Gun ×28 · Trade Cart ×26 · Bombard Cannon ×25 · Hand Cannoneer ×23 · Fishing Ship ×11 · Trebuchet (Packed) ×6
Feudal
14:02
Castillos
17:57
Imperial
33:13
| APM promedio | 42.8 |
| APM pico | 78 |
| eAPM promedio | 25.9 |
| Aldeanos / militares | 195 / 344 |
Foco
⚔️ 41.7% · 🌾 58.3%
Huskarl ×333 · Fishing Ship ×10 · Trebuchet (Packed) ×8 · Militia ×2 · Spearman ×1
Feudal
13:14
Castillos
17:27
Imperial
43:22
| APM promedio | 37.9 |
| APM pico | 83 |
| eAPM promedio | 21.2 |
| Aldeanos / militares | 132 / 197 |
Foco
⚔️ 60.0% · 🌾 40.0%
Cavalry Archer ×187 · Unknown (1263) ×52 · Keshik ×10 · Fishing Ship ×5
Feudal
—
Castillos
—
Imperial
—
| APM promedio | 1095.3 |
| APM pico | 7607 |
| eAPM promedio | 1094.4 |
| Aldeanos / militares | 0 / 1951 |
Foco
⚔️ 89.5% · 🌾 10.5%
Battering Ram ×345 · Mangonel ×341 · Skirmisher ×340 · Hussite Wagon ×292 · Spearman ×201 · Hand Cannoneer ×192
Feudal
—
Castillos
—
Imperial
—
| APM promedio | 1857.0 |
| APM pico | 7558 |
| eAPM promedio | 1852.9 |
| Aldeanos / militares | 0 / 8207 |
Foco
⚔️ 90.2% · 🌾 9.8%
Conquistador ×1699 · Bombard Cannon ×1506 · Trebuchet (Packed) ×1021 · Skirmisher ×794 · Scout Cavalry ×605 · Knight ×581
Mapa de la partida
Recursos iniciales + cada clic de construcción. Líneas = muros · curvas = relieve. ◆ oro · ⬟ piedra · ● bayas · ✦ reliquia · ◌ hueco del cierre
Tu base· Abierta — hueco de 10t
Base de xYourY· Abierta — hueco de 8t
Base de Kay UwU· Abierta — hueco de 4t
Base de oukuki· Abierta — flanco sin cerrar
Base de kumo· Abierta — flanco sin cerrar
Base de Mashirou· Abierta — hueco de 5t
Base de · Abierta — hueco de 3t
Base de · Abierta — hueco de 5t
Terreno inicial suavizado · ◌ = hueco del cierre detectado · pasá el cursor para detalles
Inputs por minuto
— Before - - xYourY
Build order — Before
Primeras 150 de 551 acciones detectadas
| 0:21 | Construir | Town Center |
| 2:33 | Construir | House |
| 2:43 | Construir | Dock |
| 2:49 | Crear | Villager (Male) |
| 2:49 | Crear | Villager (Male) |
| 2:50 | Crear | Villager (Male) |
| 2:50 | Crear | Villager (Male) |
| 2:50 | Crear | Villager (Male) |
| 3:50 | Crear | Fishing Ship |
| 4:23 | Investigar | Loom |
| 4:31 | Construir | House |
| 4:43 | Crear | Villager (Male) |
| 4:43 | Crear | Villager (Male) |
| 5:33 | Crear | Villager (Male) |
| 5:33 | Crear | Villager (Male) |
| 5:43 | Construir | Palisade Wall |
| 5:51 | Crear | Villager (Male) |
| 5:51 | Crear | Villager (Male) |
| 5:53 | Crear | Fishing Ship |
| 6:31 | Crear | Villager (Male) |
| 6:31 | Crear | Villager (Male) |
| 6:45 | Crear | Fishing Ship |
| 6:56 | Construir | House |
| 6:57 | Construir | House |
| 7:02 | Crear | Villager (Male) |
| 7:02 | Crear | Villager (Male) |
| 7:18 | Crear | Villager (Male) |
| 7:18 | Crear | Villager (Male) |
| 7:22 | Crear | Fishing Ship |
| 8:04 | Crear | Villager (Male) |
| 8:05 | Crear | Villager (Male) |
| 8:06 | Crear | Fishing Ship |
| 8:34 | Crear | Fishing Ship |
| 8:59 | Crear | Villager (Male) |
| 8:59 | Crear | Villager (Male) |
| 9:23 | Crear | Villager (Male) |
| 9:27 | Crear | Fishing Ship |
| 10:11 | Construir | Mill |
| 10:13 | Crear | Villager (Male) |
| 10:14 | Crear | Villager (Male) |
| 10:21 | Construir | House |
| 10:54 | Construir | Mining Camp |
| 11:01 | Crear | Villager (Male) |
| 11:01 | Crear | Villager (Male) |
| 11:46 | Investigar | Feudal Age |
| 11:46 | Investigar | Feudal Age |
| 12:58 | Construir | Barracks |
| 13:11 | Construir | House |
| 13:15 | Construir | House |
| 14:06 | Crear | Villager (Male) |
| 14:06 | Crear | Villager (Male) |
| 14:16 | Edad | Edad Feudal |
| 14:17 | Construir | Stable |
| 14:19 | Construir | Blacksmith |
| 15:09 | Investigar | Castle Age |
| 15:09 | Investigar | Castle Age |
| 15:20 | Construir | Lumber Camp |
| 15:40 | Investigar | Scale Barding Armor |
| 15:42 | Crear | Scout Cavalry |
| 16:10 | Investigar | Forging |
| 16:19 | Investigar | Double-Bit Axe |
| 16:48 | Investigar | Gold Mining |
| 17:49 | Edad | Edad de los Castillos |
| 17:51 | Crear | Knight |
| 17:52 | Crear | Knight |
| 17:52 | Crear | Villager (Male) |
| 17:53 | Crear | Villager (Male) |
| 17:59 | Investigar | Bow Saw |
| 18:19 | Construir | Town Center |
| 18:22 | Crear | Villager (Male) |
| 18:22 | Crear | Villager (Male) |
| 18:43 | Construir | House |
| 18:44 | Construir | House |
| 18:47 | Crear | Knight |
| 19:09 | Crear | Villager (Male) |
| 19:10 | Crear | Villager (Male) |
| 19:19 | Construir | House |
| 19:20 | Construir | House |
| 19:21 | Construir | House |
| 19:54 | Crear | Knight |
| 19:55 | Crear | Villager (Male) |
| 19:55 | Crear | Villager (Male) |
| 19:55 | Crear | Villager (Male) |
| 19:56 | Crear | Villager (Male) |
| 20:16 | Crear | Knight |
| 20:34 | Crear | Knight |
| 20:35 | Crear | Knight |
| 21:25 | Crear | Knight |
| 21:26 | Crear | Villager (Male) |
| 21:26 | Crear | Villager (Male) |
| 21:26 | Crear | Villager (Male) |
| 21:27 | Crear | Villager (Male) |
| 21:27 | Crear | Villager (Male) |
| 21:57 | Crear | Knight |
| 22:00 | Crear | Knight |
| 22:05 | Construir | Farm |
| 22:06 | Construir | Farm |
| 22:07 | Construir | Farm |
| 22:08 | Construir | Farm |
| 22:09 | Construir | Farm |
| 22:46 | Crear | Knight |
| 22:56 | Crear | Villager (Male) |
| 22:56 | Crear | Villager (Male) |
| 22:56 | Crear | Villager (Male) |
| 23:00 | Construir | Farm |
| 23:45 | Crear | Knight |
| 23:47 | Crear | Villager (Male) |
| 23:47 | Crear | Villager (Male) |
| 23:53 | Construir | Lumber Camp |
| 23:56 | Construir | Farm |
| 23:57 | Construir | Farm |
| 24:00 | Construir | Farm |
| 24:02 | Construir | Mill |
| 24:06 | Construir | Farm |
| 24:07 | Construir | Farm |
| 24:10 | Construir | Farm |
| 24:15 | Construir | Farm |
| 24:55 | Crear | Knight |
| 24:55 | Crear | Knight |
| 24:56 | Crear | Villager (Male) |
| 24:56 | Crear | Villager (Male) |
| 24:56 | Crear | Villager (Male) |
| 25:30 | Crear | Knight |
| 25:31 | Crear | Villager (Male) |
| 25:31 | Crear | Villager (Male) |
| 25:36 | Construir | House |
| 25:38 | Construir | House |
| 25:39 | Construir | House |
| 25:40 | Construir | House |
| 25:40 | Construir | House |
| 25:42 | Construir | House |
| 25:43 | Construir | House |
| 25:44 | Construir | House |
| 25:47 | Construir | Farm |
| 25:50 | Construir | Farm |
| 25:52 | Construir | Farm |
| 26:09 | Crear | Knight |
| 26:09 | Crear | Knight |
| 26:21 | Crear | Villager (Male) |
| 26:21 | Crear | Villager (Male) |
| 26:22 | Crear | Villager (Male) |
| 26:22 | Crear | Villager (Male) |
| 26:42 | Crear | Knight |
| 26:42 | Crear | Knight |
| 26:43 | Crear | Villager (Male) |
| 26:44 | Crear | Villager (Male) |
| 26:44 | Crear | Villager (Male) |
| 27:03 | Construir | Farm |
| 27:04 | Construir | Farm |
| 27:04 | Construir | Farm |
Build order — xYourY
Primeras 150 de 209 acciones detectadas
| 0:13 | Construir | Town Center |
| 1:03 | Construir | Dock |
| 1:04 | Construir | House |
| 2:34 | Crear | Villager (Male) ×4 |
| 3:55 | Crear | Fishing Ship |
| 4:14 | Crear | Villager (Male) |
| 4:14 | Crear | Villager (Male) |
| 4:36 | Construir | House |
| 4:39 | Crear | Villager (Male) |
| 4:40 | Crear | Villager (Male) |
| 5:05 | Crear | Villager (Male) |
| 5:19 | Crear | Villager (Male) |
| 5:47 | Construir | House |
| 5:52 | Crear | Villager (Male) |
| 6:13 | Crear | Villager (Male) |
| 6:13 | Crear | Villager (Male) |
| 6:15 | Crear | Fishing Ship |
| 6:37 | Crear | Villager (Male) |
| 6:46 | Construir | House |
| 6:59 | Crear | Villager (Male) |
| 7:01 | Crear | Fishing Ship |
| 7:02 | Construir | House |
| 7:14 | Crear | Villager (Male) |
| 7:16 | Construir | House |
| 7:43 | Construir | House |
| 8:10 | Crear | Villager (Male) |
| 8:10 | Crear | Villager (Male) |
| 8:11 | Crear | Fishing Ship |
| 8:20 | Construir | House |
| 8:29 | Crear | Villager (Male) |
| 9:05 | Crear | Villager (Male) |
| 9:06 | Crear | Fishing Ship |
| 9:41 | Crear | Villager (Male) |
| 10:00 | Construir | Settlement |
| 10:08 | Crear | Villager (Male) |
| 10:31 | Crear | Villager (Male) |
| 10:32 | Crear | Villager (Male) |
| 10:47 | Construir | House |
| 11:08 | Construir | Barracks |
| 11:14 | Investigar | Feudal Age |
| 11:57 | Construir | House |
| 12:08 | Construir | House |
| 12:20 | Construir | House |
| 12:48 | Investigar | Loom |
| 12:48 | Crear | Villager (Male) |
| 13:26 | Construir | Settlement |
| 13:29 | Construir | House |
| 13:40 | Edad | Edad Feudal |
| 13:42 | Construir | Archery Range |
| 13:44 | Construir | Blacksmith |
| 14:04 | Construir | Archery Range |
| 14:15 | Investigar | Double-Bit Axe |
| 14:33 | Investigar | Castle Age |
| 14:56 | Crear | Archer |
| 14:59 | Crear | Villager (Male) |
| 15:20 | Crear | Archer |
| 15:21 | Construir | House |
| 15:33 | Crear | Villager (Male) |
| 15:35 | Construir | House |
| 15:48 | Construir | House |
| 15:54 | Crear | Archer |
| 16:06 | Investigar | Double-Bit Axe |
| 16:26 | Crear | Villager (Male) |
| 16:27 | Investigar | Fletching |
| 16:29 | Crear | Archer |
| 16:38 | Crear | Villager (Male) |
| 16:58 | Construir | House |
| 17:00 | Construir | House |
| 17:08 | Crear | Archer |
| 17:13 | Edad | Edad de los Castillos |
| 17:23 | Investigar | Bodkin Arrow |
| 17:44 | Crear | Villager (Male) |
| 17:46 | Crear | Archer |
| 18:06 | Crear | Archer |
| 18:24 | Crear | Villager (Male) |
| 18:32 | Investigar | Horse Collar |
| 18:35 | Crear | Villager (Male) |
| 18:43 | Construir | Siege Workshop |
| 18:57 | Crear | Villager (Male) |
| 18:58 | Crear | Archer |
| 18:58 | Crear | Archer |
| 19:16 | Construir | House |
| 19:17 | Construir | House |
| 19:22 | Crear | Villager (Male) |
| 19:29 | Crear | Archer |
| 19:33 | Crear | Villager (Male) |
| 19:35 | Crear | Archer |
| 20:02 | Crear | Villager (Male) |
| 20:04 | Construir | Farm |
| 20:04 | Construir | Farm |
| 20:04 | Construir | Farm |
| 20:05 | Construir | Farm |
| 20:05 | Construir | Farm |
| 20:05 | Construir | Farm |
| 20:05 | Construir | Farm |
| 20:06 | Construir | Farm |
| 20:06 | Construir | Farm |
| 20:10 | Crear | Villager (Male) |
| 20:37 | Crear | Villager (Male) |
| 20:38 | Crear | Archer |
| 20:39 | Construir | Farm |
| 20:48 | Crear | Mangonel |
| 20:51 | Construir | House |
| 21:28 | Crear | Villager (Male) |
| 21:29 | Crear | Villager (Male) |
| 21:30 | Crear | Villager (Male) |
| 21:34 | Crear | Villager (Male) |
| 21:51 | Crear | Villager (Male) |
| 22:07 | Crear | Archer |
| 22:07 | Crear | Archer |
| 22:22 | Crear | Villager (Male) |
| 22:25 | Construir | Town Center |
| 22:36 | Investigar | Padded Archer Armor |
| 22:37 | Crear | Villager (Male) |
| 22:38 | Crear | Archer |
| 22:43 | Investigar | Crossbowman (upgrade) |
| 23:05 | Crear | Battering Ram |
| 23:11 | Construir | House |
| 23:15 | Crear | Villager (Male) |
| 23:17 | Crear | Archer |
| 23:21 | Crear | Villager (Male) |
| 23:22 | Crear | Archer |
| 23:23 | Crear | Archer |
| 23:50 | Crear | Archer |
| 23:50 | Crear | Archer |
| 24:13 | Crear | Villager (Male) |
| 24:16 | Crear | Villager (Male) |
| 24:16 | Crear | Villager (Male) |
| 24:17 | Crear | Villager (Male) |
| 24:34 | Crear | Villager (Male) |
| 24:42 | Crear | Villager (Male) |
| 24:43 | Crear | Villager (Male) |
| 24:59 | Crear | Villager (Male) |
| 25:05 | Crear | Villager (Male) |
| 25:12 | Crear | Archer |
| 25:12 | Crear | Archer |
| 25:15 | Crear | Villager (Male) |
| 25:18 | Construir | Farm |
| 25:19 | Construir | Farm |
| 25:23 | Crear | Archer |
| 25:23 | Crear | Archer |
| 25:59 | Crear | Villager (Male) |
| 25:59 | Crear | Villager (Male) |
| 25:59 | Crear | Villager (Male) |
| 26:12 | Crear | Villager (Male) |
| 26:32 | Crear | Villager (Male) |
| 26:38 | Crear | Archer |
| 26:38 | Crear | Archer |
| 26:42 | Construir | House |
| 26:43 | Construir | House |
Build order — Kay UwU
Primeras 150 de 622 acciones detectadas
| 0:17 | Construir | Town Center |
| 1:57 | Construir | Dock |
| 2:00 | Construir | House |
| 2:49 | Crear | Villager (Male) |
| 2:50 | Crear | Villager (Male) |
| 2:50 | Crear | Villager (Male) |
| 2:53 | Crear | Villager (Male) |
| 2:53 | Crear | Villager (Male) |
| 4:28 | Crear | Fishing Ship |
| 4:31 | Investigar | Loom |
| 4:39 | Crear | Villager (Male) |
| 4:39 | Crear | Villager (Male) |
| 4:59 | Construir | House |
| 5:04 | Crear | Villager (Male) |
| 5:34 | Crear | Villager (Male) |
| 5:59 | Construir | House |
| 6:00 | Crear | Villager (Male) |
| 6:27 | Crear | Villager (Male) |
| 6:27 | Crear | Villager (Male) |
| 6:38 | Crear | Fishing Ship |
| 6:38 | Crear | Villager (Male) |
| 7:22 | Crear | Villager (Male) |
| 7:26 | Crear | Villager (Male) |
| 7:33 | Construir | House |
| 7:50 | Crear | Fishing Ship |
| 7:51 | Crear | Fishing Ship |
| 8:09 | Crear | Villager (Male) |
| 8:21 | Crear | Fishing Ship |
| 8:21 | Crear | Fishing Ship |
| 8:22 | Crear | Villager (Male) |
| 8:23 | Crear | Villager (Male) |
| 8:57 | Crear | Villager (Male) |
| 9:15 | Construir | Mill |
| 9:24 | Crear | Villager (Male) |
| 9:30 | Construir | House |
| 9:52 | Crear | Fishing Ship |
| 10:09 | Crear | Villager (Male) |
| 10:26 | Crear | Villager (Male) |
| 10:57 | Construir | Mining Camp |
| 10:59 | Investigar | Feudal Age |
| 11:55 | Crear | Fishing Ship |
| 12:52 | Crear | Villager (Male) |
| 13:17 | Edad | Edad Feudal |
| 13:20 | Construir | Market |
| 13:23 | Construir | Blacksmith |
| 13:31 | Construir | House |
| 13:45 | Crear | Villager (Male) |
| 14:00 | Construir | House |
| 14:32 | Investigar | Castle Age |
| 15:04 | Construir | Lumber Camp |
| 15:32 | Investigar | Double-Bit Axe |
| 16:06 | Investigar | Bow Saw |
| 16:39 | Crear | Villager (Male) |
| 17:12 | Edad | Edad de los Castillos |
| 17:17 | Construir | Town Center |
| 17:18 | Crear | Villager (Male) |
| 17:26 | Construir | Barracks |
| 17:29 | Investigar | Horse Collar |
| 17:36 | Investigar | Gold Mining |
| 17:52 | Construir | House |
| 17:57 | Crear | Villager (Male) |
| 17:57 | Crear | Villager (Male) |
| 18:24 | Construir | House |
| 18:34 | Construir | Stable |
| 18:41 | Crear | Villager (Male) |
| 18:47 | Construir | Farm |
| 18:50 | Investigar | Heavy Plow |
| 18:57 | Crear | Villager (Male) |
| 19:04 | Crear | Villager (Male) |
| 19:11 | Crear | Villager (Male) |
| 19:18 | Construir | Farm |
| 19:20 | Construir | Farm |
| 19:22 | Construir | Farm |
| 19:28 | Construir | Farm |
| 19:30 | Construir | Farm |
| 19:31 | Crear | Villager (Male) |
| 19:42 | Construir | House |
| 19:43 | Investigar | Cavalier (upgrade) |
| 19:43 | Investigar | Cavalier (upgrade) |
| 19:57 | Crear | Villager (Male) |
| 20:04 | Construir | Farm |
| 20:05 | Construir | Farm |
| 20:18 | Construir | Farm |
| 20:19 | Crear | Knight |
| 20:20 | Crear | Knight |
| 20:30 | Construir | Farm |
| 20:34 | Crear | Villager (Male) |
| 20:36 | Crear | Villager (Male) |
| 20:42 | Crear | Knight |
| 20:49 | Construir | Farm |
| 20:51 | Crear | Villager (Male) |
| 20:55 | Crear | Villager (Male) |
| 21:06 | Construir | Farm |
| 21:07 | Crear | Knight |
| 21:12 | Crear | Villager (Male) |
| 21:15 | Crear | Villager (Male) |
| 21:29 | Investigar | Forging |
| 21:35 | Crear | Villager (Male) |
| 21:51 | Crear | Villager (Male) |
| 22:00 | Crear | Villager (Male) |
| 22:05 | Crear | Knight |
| 22:11 | Construir | Lumber Camp |
| 22:21 | Investigar | Scale Barding Armor |
| 22:21 | Investigar | Scale Barding Armor |
| 22:31 | Investigar | Town Watch |
| 22:32 | Investigar | Wheelbarrow |
| 22:34 | Construir | Farm |
| 22:35 | Construir | Farm |
| 22:41 | Crear | Knight |
| 22:56 | Crear | Villager (Male) |
| 22:58 | Construir | Farm |
| 23:03 | Construir | Farm |
| 23:04 | Construir | Farm |
| 23:09 | Crear | Knight |
| 23:28 | Construir | Farm |
| 23:38 | Investigar | Husbandry |
| 23:39 | Crear | Villager (Male) |
| 23:43 | Crear | Villager (Male) |
| 23:48 | Construir | House |
| 24:03 | Investigar | Chain Barding Armor |
| 24:07 | Construir | Farm |
| 24:13 | Crear | Knight |
| 24:19 | Construir | House |
| 24:20 | Construir | House |
| 24:26 | Crear | Villager (Male) |
| 24:26 | Crear | Villager (Male) |
| 24:27 | Crear | Villager (Male) |
| 24:42 | Construir | Town Center |
| 24:47 | Crear | Knight |
| 24:49 | Crear | Villager (Male) |
| 25:07 | Crear | Villager (Male) |
| 25:08 | Crear | Villager (Male) |
| 25:12 | Construir | House |
| 25:13 | Construir | House |
| 25:14 | Crear | Villager (Male) |
| 25:14 | Crear | Villager (Male) |
| 25:27 | Crear | Knight |
| 25:28 | Crear | Villager (Male) |
| 25:32 | Investigar | Hand Cart |
| 25:37 | Construir | Farm |
| 25:39 | Construir | Farm |
| 25:51 | Crear | Villager (Male) |
| 25:52 | Construir | Farm |
| 26:01 | Investigar | Iron Casting |
| 26:02 | Crear | Villager (Male) |
| 26:18 | Crear | Villager (Male) |
| 26:21 | Construir | Farm |
| 26:22 | Construir | Farm |
| 26:23 | Construir | Farm |
| 26:31 | Construir | House |
Build order — oukuki
Primeras 150 de 363 acciones detectadas
| 0:36 | Construir | Town Center |
| 0:51 | Construir | House |
| 1:06 | Construir | Town Center |
| 1:50 | Construir | Dock |
| 3:23 | Crear | Villager (Male) |
| 3:23 | Crear | Villager (Male) |
| 3:24 | Crear | Villager (Male) |
| 3:24 | Crear | Villager (Male) |
| 4:33 | Crear | Fishing Ship |
| 4:46 | Crear | Villager (Male) |
| 5:25 | Crear | Villager (Male) |
| 5:28 | Construir | House |
| 5:55 | Crear | Villager (Male) |
| 6:04 | Crear | Fishing Ship |
| 6:28 | Crear | Villager (Male) |
| 6:49 | Crear | Fishing Ship |
| 6:50 | Crear | Villager (Male) |
| 6:59 | Construir | House |
| 7:22 | Crear | Villager (Male) |
| 7:32 | Crear | Fishing Ship |
| 7:44 | Construir | House |
| 7:52 | Crear | Villager (Male) |
| 8:12 | Crear | Fishing Ship |
| 8:17 | Crear | Villager (Male) |
| 8:17 | Crear | Villager (Male) |
| 8:31 | Construir | House |
| 8:40 | Crear | Villager (Male) |
| 9:01 | Crear | Fishing Ship |
| 9:04 | Crear | Fishing Ship |
| 9:05 | Crear | Villager (Male) |
| 9:26 | Crear | Villager (Male) |
| 9:31 | Construir | House |
| 10:04 | Construir | House |
| 10:07 | Construir | Lumber Camp |
| 10:11 | Crear | Villager (Male) |
| 10:14 | Crear | Villager (Male) |
| 10:22 | Crear | Fishing Ship |
| 10:42 | Construir | Palisade Wall |
| 10:43 | Construir | House |
| 10:51 | Construir | House |
| 11:00 | Crear | Villager (Male) |
| 11:00 | Crear | Villager (Male) |
| 11:05 | Construir | Mill |
| 11:09 | Construir | House |
| 11:38 | Construir | Mining Camp |
| 11:44 | Construir | Mining Camp |
| 11:45 | Crear | Villager (Male) |
| 12:07 | Crear | Fishing Ship |
| 12:09 | Crear | Villager (Male) |
| 12:33 | Construir | Mining Camp |
| 12:37 | Crear | Villager (Male) |
| 12:38 | Crear | Villager (Male) |
| 13:13 | Crear | Fishing Ship |
| 13:30 | Investigar | Feudal Age |
| 14:34 | Construir | House |
| 14:36 | Construir | House |
| 14:43 | Construir | Palisade Wall |
| 14:45 | Construir | Palisade Wall |
| 15:11 | Crear | Villager (Male) |
| 15:12 | Crear | Villager (Male) |
| 15:52 | Edad | Edad Feudal |
| 15:54 | Construir | Market |
| 15:56 | Construir | Blacksmith |
| 16:02 | Investigar | Double-Bit Axe |
| 16:14 | Investigar | Gold Mining |
| 16:42 | Investigar | Castle Age |
| 16:49 | Investigar | Gold Mining |
| 16:57 | Crear | Fishing Ship |
| 18:43 | Crear | Villager (Male) |
| 18:44 | Crear | Villager (Male) |
| 19:22 | Edad | Edad de los Castillos |
| 19:25 | Construir | University |
| 19:29 | Construir | Monastery |
| 20:21 | Investigar | Imperial Age |
| 20:55 | Construir | House |
| 21:13 | Construir | Lumber Camp |
| 21:15 | Investigar | Bow Saw |
| 21:28 | Crear | Monk |
| 21:45 | Construir | Siege Workshop |
| 22:33 | Construir | Siege Workshop |
| 23:09 | Investigar | Treadmill Crane |
| 23:17 | Crear | Villager (Male) |
| 23:17 | Crear | Villager (Male) |
| 23:22 | Construir | House |
| 23:31 | Edad | Edad Imperial |
| 23:35 | Investigar | Chemistry |
| 23:40 | Construir | House |
| 23:47 | Crear | Villager (Male) |
| 23:48 | Crear | Villager (Male) |
| 23:55 | Construir | House |
| 23:55 | Construir | House |
| 24:13 | Construir | House |
| 24:22 | Construir | Siege Workshop |
| 24:31 | Crear | Villager (Male) |
| 24:31 | Crear | Villager (Male) |
| 24:40 | Construir | House |
| 24:59 | Construir | House |
| 25:10 | Construir | Castle |
| 25:17 | Crear | Bombard Cannon |
| 25:18 | Crear | Bombard Cannon |
| 25:18 | Crear | Bombard Cannon |
| 25:41 | Crear | Villager (Male) |
| 25:46 | Construir | House |
| 25:55 | Construir | Mining Camp |
| 26:10 | Construir | House |
| 26:27 | Crear | Bombard Cannon |
| 26:29 | Crear | Villager (Male) |
| 26:29 | Crear | Villager (Male) |
| 26:29 | Crear | Villager (Male) |
| 26:36 | Construir | Mining Camp |
| 26:54 | Crear | Villager (Male) |
| 26:55 | Crear | Villager (Male) |
| 26:55 | Crear | Villager (Male) |
| 27:08 | Crear | Bombard Cannon |
| 27:43 | Construir | House |
| 27:47 | Investigar | Loom |
| 28:27 | Construir | Feitoria |
| 28:30 | Construir | House |
| 28:49 | Construir | House |
| 28:56 | Crear | Bombard Cannon |
| 28:56 | Crear | Bombard Cannon |
| 28:59 | Crear | Villager (Male) |
| 28:59 | Crear | Villager (Male) |
| 29:00 | Crear | Villager (Male) |
| 29:00 | Crear | Villager (Male) |
| 29:11 | Construir | Town Center |
| 29:14 | Crear | Villager (Male) |
| 29:14 | Crear | Villager (Male) |
| 29:22 | Investigar | Wheelbarrow |
| 29:39 | Construir | Mining Camp |
| 29:45 | Construir | House |
| 29:50 | Crear | Bombard Cannon |
| 31:08 | Crear | Villager (Male) |
| 31:08 | Crear | Villager (Male) |
| 31:08 | Crear | Villager (Male) |
| 31:14 | Crear | Bombard Cannon |
| 31:14 | Crear | Bombard Cannon |
| 31:26 | Construir | Mining Camp |
| 31:30 | Construir | House |
| 31:40 | Crear | Bombard Cannon |
| 31:40 | Crear | Bombard Cannon |
| 31:42 | Crear | Villager (Male) |
| 31:43 | Crear | Villager (Male) |
| 31:57 | Construir | Lumber Camp |
| 32:09 | Crear | Trebuchet (Packed) |
| 32:33 | Construir | House |
| 32:47 | Crear | Villager (Male) |
| 32:47 | Crear | Villager (Male) |
| 33:12 | Construir | House |
| 33:46 | Crear | Organ Gun |
Build order — kumo
Primeras 150 de 716 acciones detectadas
| 0:18 | Construir | Town Center |
| 1:44 | Construir | Dock |
| 1:45 | Construir | House |
| 2:37 | Crear | Villager (Male) |
| 2:38 | Crear | Villager (Male) |
| 2:38 | Crear | Villager (Male) |
| 2:38 | Crear | Villager (Male) |
| 3:48 | Crear | Fishing Ship |
| 3:55 | Investigar | Loom |
| 4:28 | Crear | Villager (Male) |
| 4:33 | Construir | House |
| 5:09 | Crear | Villager (Male) |
| 5:27 | Crear | Villager (Male) |
| 5:36 | Crear | Fishing Ship |
| 6:00 | Crear | Villager (Male) |
| 6:00 | Crear | Villager (Male) |
| 6:09 | Construir | House |
| 6:34 | Crear | Villager (Male) |
| 6:34 | Crear | Villager (Male) |
| 6:53 | Crear | Fishing Ship |
| 7:01 | Crear | Villager (Male) |
| 7:02 | Crear | Villager (Male) |
| 7:02 | Crear | Villager (Male) |
| 7:26 | Crear | Fishing Ship |
| 7:26 | Crear | Fishing Ship |
| 7:37 | Construir | House |
| 7:39 | Crear | Villager (Male) |
| 8:09 | Crear | Villager (Male) |
| 8:26 | Crear | Fishing Ship |
| 8:41 | Crear | Fishing Ship |
| 8:41 | Crear | Fishing Ship |
| 8:43 | Crear | Villager (Male) |
| 8:53 | Crear | Villager (Male) |
| 8:53 | Crear | Villager (Male) |
| 9:01 | Construir | House |
| 9:08 | Crear | Villager (Male) |
| 9:08 | Crear | Villager (Male) |
| 9:27 | Crear | Villager (Male) |
| 9:27 | Crear | Villager (Male) |
| 9:39 | Crear | Fishing Ship |
| 9:39 | Crear | Fishing Ship |
| 9:44 | Crear | Villager (Male) |
| 9:51 | Construir | House |
| 10:02 | Crear | Villager (Male) |
| 10:06 | Crear | Villager (Male) |
| 10:16 | Construir | House |
| 10:18 | Construir | Palisade Wall |
| 10:28 | Crear | Villager (Male) |
| 11:11 | Construir | Mining Camp |
| 11:23 | Crear | Villager (Male) |
| 11:26 | Construir | Palisade Wall |
| 11:38 | Investigar | Feudal Age |
| 12:28 | Construir | Mill |
| 12:43 | Crear | Villager (Male) |
| 13:45 | Crear | Villager (Male) |
| 14:02 | Edad | Edad Feudal |
| 14:06 | Construir | Market |
| 14:10 | Construir | Blacksmith |
| 14:48 | Crear | Villager (Male) |
| 15:01 | Investigar | Castle Age |
| 15:01 | Investigar | Castle Age |
| 15:09 | Construir | Lumber Camp |
| 15:29 | Investigar | Double-Bit Axe |
| 15:55 | Investigar | Gold Mining |
| 17:20 | Crear | Villager (Male) |
| 17:35 | Crear | Villager (Male) |
| 17:57 | Edad | Edad de los Castillos |
| 18:00 | Construir | Castle |
| 18:06 | Crear | Villager (Male) |
| 18:14 | Investigar | Bow Saw |
| 18:15 | Investigar | Bow Saw |
| 18:16 | Crear | Villager (Male) |
| 18:27 | Construir | Barracks |
| 18:36 | Crear | Villager (Male) |
| 18:51 | Crear | Villager (Male) |
| 19:19 | Crear | Villager (Male) |
| 19:24 | Investigar | Scale Mail Armor |
| 19:30 | Construir | Town Center |
| 19:34 | Crear | Huskarl |
| 19:34 | Crear | Huskarl |
| 19:37 | Investigar | Forging |
| 19:39 | Investigar | Squires |
| 19:40 | Investigar | Squires |
| 19:40 | Crear | Villager (Male) |
| 19:42 | Crear | Huskarl |
| 19:42 | Crear | Huskarl |
| 19:48 | Crear | Villager (Male) |
| 19:52 | Construir | Palisade Gate |
| 19:56 | Crear | Villager (Male) |
| 20:12 | Crear | Huskarl |
| 20:24 | Crear | Villager (Male) |
| 20:26 | Crear | Villager (Male) |
| 20:48 | Investigar | Chain Mail Armor |
| 21:00 | Crear | Villager (Male) |
| 21:22 | Crear | Villager (Male) |
| 21:42 | Crear | Villager (Male) |
| 21:59 | Crear | Villager (Male) |
| 22:01 | Investigar | Horse Collar |
| 22:01 | Investigar | Horse Collar |
| 22:02 | Crear | Villager (Male) |
| 22:11 | Construir | Dock |
| 22:30 | Construir | Farm |
| 22:34 | Construir | Farm |
| 22:35 | Crear | Villager (Male) |
| 22:43 | Construir | Farm |
| 22:43 | Construir | Farm |
| 22:44 | Construir | Farm |
| 22:44 | Construir | Farm |
| 22:44 | Construir | Farm |
| 22:45 | Construir | Farm |
| 22:48 | Construir | Lumber Camp |
| 22:54 | Crear | Villager (Male) |
| 22:58 | Construir | Farm |
| 23:01 | Crear | Villager (Male) |
| 23:04 | Construir | Farm |
| 23:06 | Construir | Farm |
| 23:20 | Construir | Farm |
| 23:23 | Crear | Villager (Male) |
| 23:25 | Crear | Villager (Male) |
| 23:32 | Construir | Farm |
| 23:33 | Construir | Farm |
| 23:35 | Construir | Farm |
| 23:46 | Crear | Huskarl |
| 23:53 | Crear | Villager (Male) |
| 24:07 | Construir | Town Center |
| 24:08 | Crear | Villager (Male) |
| 24:16 | Crear | Huskarl |
| 24:23 | Crear | Huskarl |
| 24:29 | Crear | Huskarl |
| 24:41 | Construir | Farm |
| 24:47 | Crear | Huskarl |
| 24:47 | Crear | Huskarl |
| 24:47 | Crear | Huskarl |
| 24:51 | Crear | Huskarl |
| 24:51 | Crear | Huskarl |
| 25:01 | Construir | Farm |
| 25:03 | Construir | Farm |
| 25:05 | Construir | Farm |
| 25:07 | Crear | Huskarl |
| 25:17 | Crear | Huskarl |
| 25:20 | Crear | Villager (Male) |
| 25:28 | Crear | Huskarl |
| 25:34 | Crear | Huskarl |
| 25:37 | Crear | Villager (Male) |
| 25:42 | Crear | Villager (Male) |
| 25:48 | Crear | Villager (Male) |
| 25:51 | Construir | Mill |
| 25:52 | Construir | Farm |
| 25:52 | Construir | Farm |
| 25:52 | Construir | Farm |
Build order — Mashirou
Primeras 150 de 360 acciones detectadas
| 0:03 | Construir | Town Center |
| 1:34 | Construir | Dock |
| 1:36 | Construir | House |
| 2:30 | Crear | Villager (Male) ×4 |
| 3:59 | Crear | Villager (Male) |
| 4:15 | Crear | Fishing Ship |
| 4:40 | Crear | Villager (Male) |
| 4:44 | Construir | House |
| 5:16 | Crear | Villager (Male) |
| 5:26 | Construir | House |
| 5:48 | Crear | Villager (Male) |
| 6:07 | Crear | Villager (Male) |
| 6:10 | Crear | Fishing Ship |
| 6:37 | Crear | Villager (Male) |
| 6:47 | Crear | Fishing Ship |
| 7:10 | Crear | Villager (Male) |
| 7:25 | Construir | Mill |
| 7:30 | Crear | Villager (Male) |
| 7:40 | Construir | House |
| 7:51 | Crear | Villager (Male) |
| 8:08 | Crear | Villager (Male) |
| 8:12 | Crear | Fishing Ship |
| 8:21 | Crear | Villager (Male) |
| 8:43 | Crear | Fishing Ship |
| 9:07 | Crear | Villager (Male) |
| 9:28 | Construir | House |
| 9:35 | Crear | Villager (Male) |
| 10:01 | Construir | House |
| 10:09 | Crear | Villager (Male) |
| 10:12 | Crear | Villager (Male) |
| 10:19 | Construir | Mining Camp |
| 11:04 | Investigar | Feudal Age |
| 11:35 | Construir | Barracks |
| 12:33 | Crear | Villager (Male) |
| 12:33 | Crear | Villager (Male) |
| 12:38 | Investigar | Loom |
| 13:14 | Edad | Edad Feudal |
| 13:19 | Construir | Archery Range |
| 13:21 | Construir | Blacksmith |
| 14:01 | Crear | Villager (Male) |
| 14:47 | Investigar | Castle Age |
| 15:14 | Construir | Palisade Gate |
| 15:18 | Construir | Palisade Wall |
| 15:44 | Crear | Villager (Male) |
| 15:51 | Construir | Archery Range |
| 15:54 | Investigar | Fletching |
| 16:07 | Construir | Lumber Camp |
| 16:18 | Investigar | Gold Mining |
| 17:13 | Investigar | Double-Bit Axe |
| 17:27 | Edad | Edad de los Castillos |
| 17:28 | Crear | Cavalry Archer |
| 17:28 | Crear | Cavalry Archer |
| 17:29 | Investigar | Bodkin Arrow |
| 17:37 | Investigar | Bow Saw |
| 17:38 | Crear | Villager (Male) |
| 17:53 | Crear | Villager (Male) |
| 18:01 | Crear | Cavalry Archer |
| 18:02 | Crear | Cavalry Archer |
| 18:35 | Investigar | Wheelbarrow |
| 18:37 | Construir | House |
| 18:44 | Construir | University |
| 18:51 | Crear | Cavalry Archer |
| 18:51 | Crear | Cavalry Archer |
| 19:11 | Crear | Villager (Male) |
| 19:28 | Crear | Villager (Male) |
| 19:36 | Investigar | Ballistics |
| 19:43 | Crear | Cavalry Archer |
| 19:46 | Crear | Cavalry Archer |
| 19:46 | Crear | Cavalry Archer |
| 19:47 | Crear | Cavalry Archer |
| 20:21 | Construir | Stable |
| 20:22 | Construir | House |
| 20:23 | Construir | House |
| 20:33 | Investigar | Town Watch |
| 20:34 | Investigar | Town Watch |
| 20:37 | Construir | House |
| 20:38 | Construir | House |
| 20:56 | Crear | Cavalry Archer |
| 20:57 | Crear | Cavalry Archer |
| 20:59 | Crear | Villager (Male) |
| 21:05 | Construir | Archery Range |
| 21:20 | Crear | Cavalry Archer |
| 21:21 | Crear | Cavalry Archer |
| 21:23 | Crear | Villager (Male) |
| 21:26 | Crear | Cavalry Archer |
| 21:40 | Crear | Cavalry Archer |
| 21:40 | Crear | Cavalry Archer |
| 21:40 | Crear | Cavalry Archer |
| 21:52 | Crear | Villager (Male) |
| 22:04 | Construir | Archery Range |
| 22:07 | Crear | Cavalry Archer |
| 22:07 | Crear | Cavalry Archer |
| 22:07 | Crear | Cavalry Archer |
| 22:18 | Construir | Mining Camp |
| 22:22 | Crear | Villager (Male) |
| 22:23 | Crear | Villager (Male) |
| 22:39 | Construir | Lumber Camp |
| 22:50 | Crear | Cavalry Archer |
| 22:50 | Crear | Cavalry Archer |
| 22:51 | Crear | Cavalry Archer |
| 23:09 | Crear | Villager (Male) |
| 23:11 | Crear | Cavalry Archer |
| 23:23 | Construir | Archery Range |
| 23:30 | Crear | Villager (Male) |
| 23:31 | Crear | Villager (Male) |
| 24:05 | Crear | Cavalry Archer |
| 24:06 | Crear | Cavalry Archer |
| 24:06 | Crear | Cavalry Archer |
| 24:21 | Crear | Cavalry Archer |
| 24:22 | Crear | Cavalry Archer |
| 24:26 | Crear | Villager (Male) |
| 24:29 | Construir | Archery Range |
| 24:30 | Crear | Villager (Male) |
| 24:54 | Construir | House |
| 24:56 | Construir | House |
| 25:01 | Construir | House |
| 25:04 | Crear | Villager (Male) |
| 25:07 | Crear | Cavalry Archer ×3 |
| 25:19 | Investigar | Bloodlines |
| 25:36 | Crear | Cavalry Archer |
| 25:41 | Investigar | Padded Archer Armor |
| 25:44 | Crear | Villager (Male) |
| 25:47 | Construir | House |
| 25:48 | Construir | House |
| 26:10 | Crear | Villager (Male) |
| 26:15 | Construir | Farm |
| 26:16 | Construir | Farm |
| 26:16 | Construir | Farm |
| 26:22 | Construir | Farm |
| 26:25 | Crear | Cavalry Archer |
| 26:25 | Crear | Cavalry Archer |
| 26:26 | Crear | Cavalry Archer |
| 26:26 | Crear | Cavalry Archer |
| 26:35 | Crear | Villager (Male) |
| 26:41 | Construir | House |
| 26:42 | Construir | House |
| 26:47 | Crear | Cavalry Archer |
| 26:48 | Crear | Cavalry Archer |
| 26:59 | Construir | Town Center |
| 27:04 | Construir | Farm |
| 27:05 | Crear | Villager (Male) |
| 27:07 | Construir | Farm |
| 27:16 | Crear | Cavalry Archer |
| 27:16 | Crear | Cavalry Archer |
| 27:16 | Crear | Cavalry Archer |
| 27:19 | Crear | Villager (Male) |
| 27:38 | Investigar | Horse Collar |
| 27:57 | Crear | Villager (Male) |
| 28:03 | Construir | Farm |
| 28:13 | Crear | Cavalry Archer |
Build order —
Primeras 150 de 3630 acciones detectadas
| 0:03 | Construir | Town Center |
| 1:22 | Construir | Lumber Camp |
| 1:23 | Construir | Mill |
| 1:25 | Construir | House |
| 1:47 | Construir | Dock |
| 2:43 | Construir | House |
| 3:33 | Investigar | Tech None |
| 5:13 | Construir | House |
| 6:28 | Construir | House |
| 6:36 | Construir | Lumber Camp |
| 7:01 | Construir | Mining Camp |
| 7:23 | Construir | Mining Camp |
| 7:30 | Investigar | Tech None |
| 7:37 | Construir | Mining Camp |
| 8:03 | Construir | House |
| 8:28 | Construir | Barracks |
| 9:52 | Construir | Archery Range |
| 9:54 | Construir | Blacksmith |
| 10:11 | Investigar | Tech None |
| 10:19 | Investigar | Tech None |
| 10:43 | Investigar | Tech None |
| 10:43 | Construir | House |
| 11:57 | Construir | Market |
| 12:22 | Construir | Market |
| 12:35 | Construir | Market |
| 13:03 | Construir | Market |
| 13:24 | Investigar | Tech None |
| 13:24 | Construir | Town Center |
| 13:37 | Investigar | Tech None |
| 13:39 | Construir | House |
| 14:25 | Investigar | Tech None |
| 14:25 | Construir | Town Center |
| 14:26 | Investigar | Tech None |
| 15:21 | Construir | Dock |
| 15:37 | Construir | Monastery |
| 15:37 | Construir | Monastery |
| 16:01 | Construir | Dock |
| 16:03 | Construir | Dock |
| 16:05 | Crear | Monk |
| 16:05 | Construir | Stable |
| 16:07 | Construir | Farm |
| 16:20 | Construir | House |
| 16:25 | Construir | Farm |
| 16:26 | Construir | House |
| 16:29 | Construir | Farm |
| 16:31 | Construir | Farm |
| 16:37 | Construir | Farm |
| 16:42 | Crear | Monk |
| 16:50 | Investigar | Tech None |
| 16:55 | Construir | Dock |
| 17:15 | Crear | Monk |
| 17:18 | Construir | Stable |
| 17:28 | Construir | House |
| 17:29 | Construir | House |
| 17:36 | Construir | Town Center |
| 17:48 | Construir | Stable |
| 17:51 | Crear | Monk |
| 17:51 | Construir | Farm |
| 17:56 | Construir | Stable |
| 17:59 | Construir | Farm |
| 18:01 | Construir | Farm |
| 18:06 | Construir | Farm |
| 18:08 | Construir | Farm |
| 18:14 | Construir | Farm |
| 18:15 | Construir | Farm |
| 18:24 | Construir | Farm |
| 18:30 | Crear | Monk |
| 18:36 | Construir | Stable |
| 18:58 | Crear | Monk |
| 18:58 | Construir | Stable |
| 19:00 | Construir | Stable |
| 19:07 | Investigar | Tech None |
| 19:15 | Construir | House |
| 19:17 | Construir | House |
| 19:23 | Investigar | Tech None |
| 19:23 | Construir | Stable |
| 19:36 | Construir | Stable |
| 19:42 | Construir | Farm |
| 19:43 | Construir | House |
| 19:47 | Construir | House |
| 19:53 | Construir | Stable |
| 20:01 | Construir | Farm |
| 20:03 | Construir | Farm |
| 20:04 | Construir | House |
| 20:05 | Construir | House |
| 20:10 | Construir | House |
| 20:19 | Construir | Stable |
| 20:24 | Construir | Stable |
| 20:30 | Construir | Stable |
| 20:32 | Crear | Skirmisher |
| 20:34 | Investigar | Tech None |
| 20:38 | Construir | Archery Range |
| 20:47 | Crear | Monk |
| 20:47 | Crear | Skirmisher |
| 20:49 | Construir | Lumber Camp |
| 20:52 | Construir | Lumber Camp |
| 20:58 | Construir | Archery Range |
| 21:00 | Crear | Skirmisher |
| 21:00 | Construir | House |
| 21:02 | Construir | House |
| 21:04 | Construir | House |
| 21:05 | Construir | House |
| 21:07 | Construir | House |
| 21:09 | Construir | House |
| 21:11 | Construir | House |
| 21:12 | Construir | House |
| 21:14 | Crear | Skirmisher |
| 21:14 | Construir | House |
| 21:23 | Construir | House |
| 21:26 | Construir | House |
| 21:28 | Crear | Skirmisher |
| 21:31 | Investigar | Tech None |
| 21:38 | Construir | Archery Range |
| 21:40 | Investigar | Tech None |
| 21:41 | Investigar | Tech None |
| 21:45 | Construir | Farm |
| 21:46 | Construir | Farm |
| 21:48 | Construir | House |
| 21:50 | Construir | Farm |
| 21:52 | Construir | Farm |
| 21:54 | Construir | House |
| 22:00 | Construir | Mill |
| 22:01 | Construir | Farm |
| 22:03 | Construir | Farm |
| 22:05 | Construir | Farm |
| 22:07 | Construir | Farm |
| 22:09 | Construir | Farm |
| 22:10 | Construir | Farm |
| 22:12 | Construir | Farm |
| 22:23 | Crear | Monk |
| 22:23 | Construir | Archery Range |
| 22:32 | Crear | Skirmisher |
| 22:37 | Construir | Farm |
| 22:39 | Crear | Skirmisher |
| 22:44 | Crear | Skirmisher |
| 22:44 | Construir | Siege Workshop |
| 22:50 | Crear | Skirmisher |
| 22:56 | Crear | Skirmisher |
| 22:58 | Construir | Town Center |
| 23:00 | Construir | Farm |
| 23:01 | Construir | Farm |
| 23:03 | Crear | Skirmisher |
| 23:03 | Construir | Farm |
| 23:05 | Construir | Farm |
| 23:07 | Construir | Town Center |
| 23:09 | Crear | Skirmisher |
| 23:09 | Construir | Town Center |
| 23:16 | Construir | Siege Workshop |
| 23:22 | Crear | Skirmisher |
| 23:22 | Construir | House |
Build order —
Primeras 150 de 13896 acciones detectadas
| 0:03 | Construir | Town Center |
| 1:20 | Construir | Lumber Camp |
| 1:22 | Construir | Mill |
| 1:23 | Construir | Dock |
| 1:46 | Construir | House |
| 2:49 | Construir | Lumber Camp |
| 2:51 | Construir | Farm |
| 4:23 | Construir | House |
| 5:40 | Construir | Dock |
| 5:58 | Construir | House |
| 6:34 | Investigar | Tech None |
| 7:25 | Construir | House |
| 7:32 | Construir | Mining Camp |
| 8:03 | Construir | Mining Camp |
| 8:41 | Construir | House |
| 9:00 | Investigar | Tech None |
| 9:17 | Construir | Lumber Camp |
| 10:22 | Construir | Lumber Camp |
| 10:46 | Construir | Lumber Camp |
| 11:13 | Construir | Lumber Camp |
| 11:15 | Construir | Market |
| 11:16 | Investigar | Tech None |
| 11:20 | Investigar | Tech None |
| 11:38 | Construir | Lumber Camp |
| 12:08 | Construir | Blacksmith |
| 12:30 | Construir | House |
| 13:21 | Investigar | Tech None |
| 14:15 | Construir | House |
| 14:15 | Construir | Palisade Wall |
| 14:17 | Construir | Palisade Wall |
| 14:28 | Construir | Market |
| 14:44 | Investigar | Tech None |
| 15:53 | Construir | Market |
| 16:03 | Investigar | Tech None |
| 16:03 | Construir | Castle |
| 16:05 | Investigar | Tech None |
| 16:05 | Construir | Town Center |
| 16:09 | Construir | Town Center |
| 16:16 | Construir | House |
| 16:18 | Construir | House |
| 16:20 | Construir | Farm |
| 16:43 | Investigar | Tech None |
| 16:43 | Crear | Conquistador |
| 17:04 | Investigar | Tech None |
| 17:31 | Construir | Dock |
| 17:34 | Investigar | Tech None |
| 17:45 | Construir | Monastery |
| 17:45 | Construir | Palisade Wall |
| 18:04 | Construir | Dock |
| 18:06 | Construir | Dock |
| 18:08 | Construir | Dock |
| 18:17 | Crear | Monk |
| 18:28 | Construir | Barracks |
| 18:32 | Construir | Farm |
| 18:38 | Construir | Farm |
| 18:51 | Construir | Mill |
| 18:58 | Construir | Farm |
| 19:05 | Construir | Farm |
| 19:12 | Construir | House |
| 19:15 | Construir | Farm |
| 19:19 | Construir | Farm |
| 19:25 | Construir | Farm |
| 19:30 | Construir | Farm |
| 19:36 | Crear | Conquistador |
| 19:37 | Construir | House |
| 19:40 | Construir | Farm |
| 19:48 | Construir | Farm |
| 19:56 | Construir | House |
| 20:03 | Construir | Farm |
| 20:12 | Crear | Conquistador |
| 20:12 | Construir | Stable |
| 20:22 | Construir | House |
| 20:26 | Construir | Farm |
| 20:32 | Crear | Monk |
| 20:34 | Investigar | Tech None |
| 20:34 | Construir | Archery Range |
| 20:39 | Construir | Farm |
| 20:47 | Crear | Conquistador |
| 20:54 | Investigar | Tech None |
| 21:02 | Construir | Farm |
| 21:04 | Crear | Skirmisher |
| 21:09 | Investigar | Tech None |
| 21:15 | Investigar | Tech None |
| 21:15 | Construir | Archery Range |
| 21:18 | Crear | Skirmisher |
| 21:33 | Crear | Spearman |
| 21:38 | Construir | House |
| 21:43 | Construir | Farm |
| 21:46 | Construir | Farm |
| 21:46 | Crear | Spearman |
| 21:46 | Crear | Skirmisher |
| 21:48 | Crear | Skirmisher |
| 21:54 | Construir | Farm |
| 21:58 | Investigar | Tech None |
| 21:59 | Investigar | Tech None |
| 21:59 | Construir | House |
| 22:03 | Crear | Skirmisher |
| 22:07 | Crear | Skirmisher |
| 22:12 | Construir | Lumber Camp |
| 22:19 | Crear | Skirmisher |
| 22:20 | Crear | Skirmisher |
| 22:22 | Construir | Farm |
| 22:26 | Construir | Archery Range |
| 22:32 | Investigar | Tech None |
| 22:34 | Crear | Conquistador |
| 22:34 | Crear | Spearman |
| 22:34 | Crear | Skirmisher |
| 22:34 | Construir | Farm |
| 22:37 | Construir | Farm |
| 22:43 | Crear | Monk |
| 22:46 | Construir | Farm |
| 22:58 | Investigar | Tech None |
| 23:00 | Crear | Spearman |
| 23:00 | Crear | Skirmisher |
| 23:01 | Crear | Skirmisher |
| 23:01 | Construir | House |
| 23:03 | Construir | House |
| 23:05 | Crear | Skirmisher |
| 23:09 | Crear | Conquistador |
| 23:09 | Construir | Farm |
| 23:14 | Construir | Farm |
| 23:20 | Construir | University |
| 23:22 | Crear | Spearman |
| 23:22 | Crear | Skirmisher |
| 23:22 | Construir | Archery Range |
| 23:24 | Construir | Archery Range |
| 23:26 | Construir | Farm |
| 23:29 | Construir | House |
| 23:41 | Investigar | Tech None |
| 23:41 | Crear | Skirmisher |
| 23:41 | Construir | Farm |
| 23:44 | Crear | Skirmisher |
| 23:44 | Construir | Farm |
| 23:47 | Crear | Skirmisher |
| 23:47 | Construir | House |
| 23:52 | Construir | House |
| 23:54 | Construir | House |
| 23:56 | Crear | Skirmisher |
| 23:57 | Construir | Farm |
| 23:59 | Construir | Lumber Camp |
| 24:03 | Crear | Spearman |
| 24:03 | Crear | Skirmisher |
| 24:03 | Construir | Siege Workshop |
| 24:05 | Construir | Town Center |
| 24:34 | Investigar | Tech None |
| 24:36 | Construir | House |
| 24:38 | Construir | Mining Camp |
| 24:39 | Construir | House |
| 24:41 | Crear | Spearman |
| 24:41 | Crear | Skirmisher |
Cronología de la partida
| 1:03 | xYourY · first_building Dock |
| 1:23 | · first_building Dock |
| 1:34 | Mashirou · first_building Dock |
| 1:44 | kumo · first_building Dock |
| 1:47 | · first_building Dock |
| 1:50 | oukuki · first_building Dock |
| 1:57 | Kay UwU · first_building Dock |
| 2:43 | Before · first_building Dock |
| 5:43 | Before · wall_segment Palisade Wall x1 |
| 8:28 | · first_building Barracks |
| 9:52 | · first_building Archery Range |
| 10:18 | kumo · wall_segment Palisade Wall x2 |
| 10:42 | oukuki · wall_segment Palisade Wall x1 |
| 11:08 | xYourY · first_building Barracks |
| 11:26 | kumo · wall_segment Palisade Wall x1 |
| 11:35 | Mashirou · first_building Barracks |
| 11:44 | · first_market_sell 100 food |
| 12:58 | Before · first_building Barracks |
| 13:01 | · first_market_sell 100 food |
| 13:03 | · first_market_buy 100 stone |
| 13:14 | Mashirou · age_up feudal |
| 13:17 | Kay UwU · age_up feudal |
| 13:19 | Mashirou · first_building Archery Range |
| 13:40 | xYourY · age_up feudal |
| 13:42 | xYourY · first_building Archery Range |
| 14:02 | kumo · age_up feudal |
| 14:16 | Before · age_up feudal |
| 14:17 | Before · first_building Stable |
| 14:43 | oukuki · wall_segment Palisade Wall x1 |
| 14:45 | oukuki · wall_segment Palisade Wall x1 |
| 15:18 | Mashirou · wall_segment Palisade Wall x1 |
| 15:37 | · first_building Monastery |
| 15:52 | oukuki · age_up feudal |
| 16:03 | · first_building Castle |
| 16:05 | · first_building Stable |
| 17:05 | · first_market_buy 100 stone |
| 17:12 | Kay UwU · age_up castle |
| 17:13 | xYourY · age_up castle |
| 17:26 | Kay UwU · first_building Barracks |
| 17:27 | Mashirou · age_up castle |
| 17:45 | · first_building Monastery |
| 17:49 | Before · age_up castle |
| 17:57 | kumo · age_up castle |
| 18:00 | kumo · first_building Castle |
| 18:27 | kumo · first_building Barracks |
| 18:28 | · first_building Barracks |
| 18:34 | Kay UwU · first_building Stable |
| 18:43 | xYourY · first_building Siege Workshop |
| 19:22 | oukuki · age_up castle |
| 19:29 | oukuki · first_building Monastery |
| 19:45 | oukuki · first_market_sell 100 wood |
| 20:12 | · first_building Stable |
| 20:21 | Mashirou · first_building Stable |
| 20:34 | · first_building Archery Range |
| 21:45 | oukuki · first_building Siege Workshop |
| 21:57 | kumo · first_market_buy 100 food |
| 22:44 | · first_building Siege Workshop |
| 23:31 | oukuki · age_up imperial |
| 24:03 | · first_building Siege Workshop |
| 25:10 | oukuki · first_building Castle |
| 27:41 | Before · first_building Monastery |
| 27:54 | Kay UwU · first_building Monastery |
| 29:36 | · first_building Castle |
| 30:27 | xYourY · first_market_sell 100 wood |
| 30:58 | Before · first_market_sell 100 food |
| 33:13 | kumo · age_up imperial |
| 33:23 | Kay UwU · age_up imperial |
| 33:49 | Before · age_up imperial |
| 35:46 | oukuki · wall_segment Palisade Wall x1 |
| 36:12 | Kay UwU · tribute_sent a jugador 1 |
| 36:12 | Kay UwU · tribute_sent a jugador 2 |
| 36:12 | Kay UwU · tribute_sent a jugador 4 |
| 36:12 | Kay UwU · tribute_sent a jugador 5 |
| 36:12 | Kay UwU · tribute_sent a jugador 6 |
| 36:12 | Kay UwU · tribute_sent a jugador 7 |
| 36:12 | Kay UwU · tribute_sent a jugador 8 |
| 36:19 | oukuki · wall_segment Palisade Wall x1 |
| 36:20 | oukuki · wall_segment Palisade Wall x1 |
| 36:28 | oukuki · wall_segment Palisade Wall x1 |
| 36:35 | oukuki · wall_segment Palisade Wall x1 |
| 37:25 | Kay UwU · first_building Castle |
| 38:28 | oukuki · first_building Barracks |
| 39:08 | Mashirou · first_building Monastery |
| 39:36 | oukuki · first_building Archery Range |
| 39:39 | Before · first_building Castle |
| 42:26 | Mashirou · first_building Castle |
| 43:22 | Mashirou · age_up imperial |
| 46:12 | Mashirou · first_market_sell 500 wood |
| 49:16 | Mashirou · first_building Siege Workshop |
| 50:38 | Before · first_market_buy 100 food |
| 50:50 | oukuki · tribute_sent a jugador 1 |
| 50:50 | oukuki · tribute_sent a jugador 2 |
| 50:50 | oukuki · tribute_sent a jugador 3 |
| 50:50 | oukuki · tribute_sent a jugador 5 |
| 50:50 | oukuki · tribute_sent a jugador 6 |
| 50:50 | oukuki · tribute_sent a jugador 7 |
| 50:50 | oukuki · tribute_sent a jugador 8 |
| 51:09 | oukuki · tribute_sent a jugador 1 |
| 51:09 | oukuki · tribute_sent a jugador 2 |
| 51:09 | oukuki · tribute_sent a jugador 3 |
| 51:09 | oukuki · tribute_sent a jugador 5 |
| 51:09 | oukuki · tribute_sent a jugador 6 |
| 51:09 | oukuki · tribute_sent a jugador 7 |
| 51:09 | oukuki · tribute_sent a jugador 8 |
| 52:49 | · resign |
| 55:10 | oukuki · tribute_sent a jugador 1 |
| 55:10 | oukuki · tribute_sent a jugador 2 |
| 55:10 | oukuki · tribute_sent a jugador 3 |
| 55:10 | oukuki · tribute_sent a jugador 5 |
| 55:10 | oukuki · tribute_sent a jugador 6 |
| 55:10 | oukuki · tribute_sent a jugador 7 |
| 55:10 | oukuki · tribute_sent a jugador 8 |
[ ANÁLISIS IA · 1 CRÉDITO ]
¿Qué pasó realmente en esta partida?
Wolo.gg analiza cada decisión: build order, eco, micro, errores típicos por bracket. Análisis personalizado por WhatsApp o Discord en 30 segundos.
Guía civ
Sicilianos
Perfil
Jugador #11741264